AoeStats
← Shaggy

Arabia

509494548Analyzed
1v1 RM · 7d ago on Sep 27, 2026· 42m 59s· 2 players
Game mode
Random Map
Map size
Tiny (2 player)
Population
200
Speed
Normal
Resources
Standard
Victory
Conquest
Starting age
Dark Age
Ending age
Imperial Age
RankedLock teamsTeams togetherTeam positionsShared explorationLock speedFull tech treeHidden civsTurbo modeCheats
Victory
Defeat
🇨🇴 Mongols · Colombia
1034
+15
🇨🇱 Britons · Chile
1017
-15
Shaggy
6:50 Loom
6:57 Loom
9:13 Feudal Age
14:22 Fletching
14:33 Padded Archer Armor
17:40 Double-Bit Axe
19:20 Man-at-Arms
24:36 Castle Age
24:46 Crossbowman
37:53 Imperial Age
36:23 Bow Saw
VicarialDock950
11:02 Feudal Age
10:08 Loom
12:35 Double-Bit Axe
14:41 Wheelbarrow
16:26 Town Watch
16:43 Fletching
16:54 Padded Archer Armor
21:18 Castle Age
21:47 Elite Skirmisher
27:29 Scale Barding Armor
27:19 Light Cavalry
28:40 Bloodlines
30:08 Husbandry
31:44 Hand Cart
39:23 Imperial Age
37:50 Forging
38:33 Chain Barding Armor
40:41 Iron Casting
42:25 Hussar
Connection lost

Rejoining the realm…

Still unreachable

The connection could not be restored.

Session expired

The server has moved on; the page needs a fresh start.